 Dungeon Crawl Stone Soup version 0.24-a0-25-g8489be9 (webtiles) character file.

Game seed: 7320688611935171937

212 robertstho the Magician (level 5, -3/28 HPs)
             Began as a Deep Elf Fire Elementalist on Feb 1, 2019.
             Slain by a bullfrog (9 damage)
             ... on level 4 of the Dungeon.
             The game lasted 00:09:10 (3685 turns).

robertstho the Magician (DEFE)                      Turns: 3685, Time: 00:09:11

Health: -3/28      AC:  5    Str:  5    XL:     5   Next: 58%
Magic:  3/15       EV: 13    Int: 23    God:
Gold:   65         SH:  0    Dex: 15    Spells: 1/16 levels left

rFire    . . .     SeeInvis .   d - +1 dagger (venom)
rCold    . . .     Gourm    .   (no shield)
rNeg     . . .     Faith    .   a - +0 robe
rPois    .         Spirit   .   o - +1 helmet
rElec    .         Reflect  .   r - +0 cloak
rCorr    .         Harm     .   (no gloves)
MR       .....                  (no boots)
Stlth    ++........             (no amulet)
HPRegen  0.09/turn              k - +2 ring of intelligence
MPRegen  0.14/turn              (no ring)

@: about to teleport
A: no striking features
a: no special abilities


You were on level 4 of the Dungeon.
You were not hungry.

You visited 1 branch of the dungeon, and saw 4 of its levels.

You collected 65 gold pieces.

Inventory:

Hand Weapons
 c - a +2 short sword of protection
 d - a +1 dagger of venom (weapon)
Armour
 a - a +0 robe (worn)
 o - a +1 helmet (worn)
 r - a +0 cloak (worn)
Jewellery
 k - a +2 ring of intelligence (left hand)
Wands
 l - a wand of polymorph (5)
Scrolls
 b - 4 scrolls of remove curse
 e - a scroll of immolation {unknown}
 f - 7 scrolls of identify {unknown}
 h - a scroll of amnesia {unknown}
 m - a scroll of enchant weapon {unknown}
 n - a scroll of teleportation
 p - 2 scrolls of fog
Potions
 g - 4 potions of curing {unknown}
 i - a potion of lignification {unknown}
 j - 2 potions of heal wounds {unknown}
 s - a potion of invisibility {unknown}
 t - a potion of brilliance {unknown}
 v - a potion of ambrosia {unknown}
Comestibles
 q - 2 rations


   Skills:
 + Level 2.9 Dodging
 + Level 2.9 Stealth
 * Level 6.0 Spellcasting
 + Level 2.5 Conjurations
 + Level 4.3 Fire Magic


You had one spell level left.
You knew the following spells:

 Your Spells              Type           Power        Failure   Level  Hunger
a - Flame Tongue          Conj/Fire      ###..        1%          1    None
b - Throw Flame           Conj/Fire      ###...       3%          2    None
c - Conjure Flame         Conj/Fire      ###.....     6%          3    #......
d - Sticky Flame          Conj/Fire      ###.....     21%         4    ###....
e - Fireball              Conj/Fire      ###.......   50%         5    #####..

Your spell library contained the following spells:

 Spells                   Type           Power        Failure   Level  Hunger
 Inner Flame              Hex/Fire       ###.....     11%         3    #......


Dungeon Overview and Level Annotations

Branches:
Dungeon (4/15)
 Temple: D:4-7

Altars:


Message History

Casting: Flame Tongue (safe; 1% risk of failure)
Confirm with . or Enter, or press ? or * to list all spells.
Aiming: Flame Tongue (safe; 1% risk of failure)
Press: ? - help, Shift-Dir - straight line, f - bullfrog
Aim: a bullfrog The flame tongue misses the bullfrog.
The bullfrog closely misses you. The bullfrog hits you.
The orc throws a tomahawk.
The tomahawk misses you. The bullfrog hits you!
As you read the scroll labeled OSSUEN SIGIUH, it crumbles to dust.
You feel blessed for a moment.
It was a scroll of remove curse.
The bullfrog closely misses you. The bullfrog hits you.
As you read the scroll labeled NIEVUY WAGGI, it crumbles to dust.
The scroll dissolves into smoke.
It was a scroll of fog.
The bullfrog barely misses you.
As you read the scroll labeled COWENI DOME, it crumbles to dust.
You feel strangely unstable.
It was a scroll of teleportation.
The bullfrog misses you. The orc hits you with a +0 mace.
* * * LOW HITPOINT WARNING * * *
The bullfrog hits you!
You die...

########## +........#
#........# #........#
#§§§(....# #§§§.....#
#@o§.....# #Fo§.....+
#### #O§§##..##
.###...##.§.##..#### .##
..).)..)...........#....#
...................#....#
....$..............#....#
..##...####.##'#####...#
. #... #.##....##...##


You could see an ogre, a bullfrog and 2 orcs.

Vanquished Creatures
  An orc priest (D:4)
  An orc wizard (D:4)
  Jessica (D:2)
  Robin (D:2)
  3 adders
  A worm (D:2)
  2 dart slugs
  2 leopard geckos (D:3)
  2 orcs
  9 bats
  5 giant cockroaches
  12 goblins
  8 hobgoblins
  A quokka (D:3)
  2 ball pythons
  6 frilled lizards
  13 kobolds
  8 rats
78 creatures vanquished.

Notes
Turn   | Place    | Note
-------+----------+-------------------------------------------
     0 | D:1      | robertstho the Deep Elf Fire Elementalist began the quest
                  | for the Orb.
     0 | D:1      | Reached XP level 1. HP: 10/10 MP: 6/6
   175 | D:1      | Reached XP level 2. HP: 15/15 MP: 6/8
   179 | D:1      | Learned a level 2 spell: Throw Flame
   866 | D:2      | Noticed Robin
   927 | D:1      | Reached XP level 3. HP: 8/19 MP: 8/10
  1118 | D:1      | Reached skill level 4 in Spellcasting
  1127 | D:1      | Learned a level 3 spell: Conjure Flame
  1619 | D:2      | Killed Robin
  2016 | D:2      | Reached XP level 4. HP: 24/24 MP: 9/12
  2189 | D:2      | Noticed Jessica
  2192 | D:2      | Killed Jessica
  2192 | D:2      | Reached skill level 5 in Spellcasting
  2547 | D:3      | Learned a level 4 spell: Sticky Flame
  3095 | D:3      | Reached XP level 5. HP: 28/28 MP: 9/15
  3106 | D:3      | Learned a level 5 spell: Fireball
  3671 | D:4      | Noticed an ogre
  3678 | D:4      | Reached skill level 6 in Spellcasting
  3685 | D:4      | Slain by a bullfrog

Vault maps used:
D:1:      dpeg_arrival_radiant, serial_forest, infiniplex_forest_zigzag_1,
          infiniplex_forest_clump_curved, infiniplex_forest_lined_ring,
          infiniplex_forest_straight_4, infiniplex_forest_lined_corner,
          infiniplex_forest_clump_cross, minmay_misc_feat_room,
          corexii_leaking_fountain
D:2:      uniq_robin, uniq_jessica
D:4:      first_ration

Skill      XL: |  1  2  3  4  5 |
---------------+----------------+-----
Spellcasting   | 4 5 6 |  6.0
Fire Magic     | 4 |  4.3
Conjurations   | 2 |  2.5
Dodging        | |  2.9
Stealth        | |  2.9

Action                   |  1- 3 |  4- 6 || total
-------------------------+-------+-------++-------
Melee: Dagger            |    12 |    10 ||    22
 Cast: Flame Tongue      |    41 |    32 ||    73
       Throw Flame       |    21 |    31 ||    52
  Use: Scroll            |       |     3 ||     3
 Stab: Sleeping          |     1 |       ||     1
  Eat: Ration            |     1 |       ||     1
       Chunk             |       |     5 ||     5
Armor: Robe              |    12 |     4 ||    16
Dodge: Dodged            |    43 |    13 ||    56

Table legend:
 A = Non-vault XP
 B = Vault XP
 C = Vault XP percentage of total XP
 D = Non-vault monster count
 E = Vault monster count
 F = Vault count percentage of total count
                 A         B        C        D         E       F
            +---------+---------+-------+---------+---------+-------
      Total |     230 |      73 |  24.1 |      66 |      12 |  15.4
            +---------+---------+-------+---------+---------+-------
        D:1 |      37 |      14 |  27.5 |      23 |       7 |  23.3
        D:2 |      58 |      59 |  50.4 |      20 |       5 |  20.0
        D:3 |      47 |       0 |   0.0 |      18 |       0 |   0.0
        D:4 |      88 |       0 |   0.0 |       5 |       0 |   0.0
            +---------+---------+-------+---------+---------+-------
